 Dungeon Crawl Stone Soup version 0.30-a0-141-g30f27751c5 (webtiles) character file.

Game seed: 11891648894170483433

105 ragingrage the Prestidigitator (level 4, -6/32 HPs)
             Began as a Gnoll Wanderer on Sept 23, 2022.
             Killed by nerve-wracking pain
             ... invoked by an orc priest
              (13 damage)
             ... on level 3 of the Dungeon on Sept 26, 2022.
             The game lasted 00:02:25 (2333 turns).

ragingrage the Prestidigitator (Gnoll Wanderer)     Turns: 2333, Time: 00:02:26

Health: -6/32      AC:  3    Str: 11    XL:     4   Next: 83%
Magic:  5/5        EV: 12    Int: 12    God:
Gold:   197        SH:  5    Dex: 13    Spells: 4/5 levels left

rFire   . . .      SeeInvis .    a - +2 hand axe
rCold   . . .      Faith    .    (no shield)
rNeg    . . .      Spirit   .    e - +0 leather armour
rPois   .          Reflect  +    (no helmet)
rElec   .          Harm     .    (no cloak)
rCorr   +          Rampage  .    (no gloves)
Will    .....                    (no boots)
Stlth   +.........               m - amulet of reflection
HPRegen 0.10/turn                g - ring of resist corrosion
MPRegen 0.09/turn                (no ring)

@: no status effects
A: fangs 1, strong nose, distributed training
a: no special abilities


You were on level 3 of the Dungeon.
You visited 1 branch of the dungeon, and saw 5 of its levels.

You collected 197 gold pieces.

Inventory:

Hand Weapons
 a - a +2 hand axe (weapon)
Missiles
 n - a throwing net
Armour
 e - a +0 leather armour (worn)
Jewellery
 g - a ring of resist corrosion (left hand)
 m - an amulet of reflection (around neck)
Wands
 c - a wand of polymorph (3) (quivered)
Scrolls
 b - 3 scrolls of enchant weapon {unknown}
 d - a scroll of silence
 f - 2 scrolls of magic mapping {unknown}
 i - a scroll of identify {unknown}
 j - a scroll of fear {unknown}
 p - a scroll of amnesia {unknown}
 r - a scroll of blinking {unknown}
Potions
 h - a potion of invisibility {unknown}
 k - 2 potions of heal wounds
 l - a potion of attraction {unknown}
 o - 3 potions of curing {unknown}
 q - a potion of haste {unknown}


   Skills:
 + Level 1.3 Fighting
 + Level 1.3 Short Blades
 + Level 1.3 Long Blades
 + Level 4.7 Axes
 + Level 1.3 Maces & Flails
 + Level 1.3 Polearms
 + Level 4.7 Staves
 + Level 1.3 Ranged Weapons
 + Level 1.3 Throwing
 + Level 1.3 Armour
 + Level 2.8 Dodging
 + Level 1.3 Stealth
 + Level 1.3 Shields
 + Level 1.3 Unarmed Combat
 + Level 1.3 Spellcasting
 + Level 1.0 Conjurations
 + Level 1.0 Hexes
 + Level 1.0 Summonings
 + Level 1.0 Necromancy
 + Level 1.0 Translocations
 + Level 1.0 Transmutations
 + Level 1.0 Fire Magic
 + Level 1.0 Ice Magic
 + Level 1.0 Air Magic
 + Level 1.0 Earth Magic
 + Level 1.0 Poison Magic
 + Level 1.4 Invocations
 + Level 10.5 Evocations


You had 4 spell levels left.
You knew the following spells:

 Your Spells              Type           Power      Damage    Failure   Level
a - Beastly Appendage     Tmut           6%         N/A       26%         1

Your spell library contained the following spells:

 Spells                   Type           Power      Damage    Failure   Level
 Wereblood                Tmut           3%         N/A       36%         2
 Spider Form              Tmut/Pois      3%         N/A       58%         3
 Tukima's Dance           Hex            3%         N/A       58%         3
 Passage of Golubria      Tloc           3%         N/A       94%         4
 Yara's Violent Unravell  Hex/Tmut       1%         3d3       100%        5


Dungeon Overview and Level Annotations

Branches:
Dungeon (5/15)
 Temple: D:4-7

Altars:
Dithmenos
Sif Muna

Annotations:
D:4 Edmund, Grinder


Innate Abilities, Weirdness & Mutations

You have very sharp teeth.
Your uncanny sense of smell can sniff out nearby items.
Your experience applies equally to all skills.


Message History

You barely miss the rat. Your bite misses the rat.
The rat bites you but does no damage.
You hit the rat.
The rat is heavily wounded.
The rat misses you.
You barely miss the rat.
The rat is heavily wounded.
You block the rat's attack.
You hit the rat.
You kill the rat!
You hit the orc but do no damage. The orc hits you with a +0 club.
You hit the orc.
The orc is almost dead.
The orc completely misses you.
You closely miss the orc.
The orc is almost dead.
The orc hits you with a +0 club.
You barely miss the orc.
The orc is almost dead.
The orc hits you with a +0 club.
The orc priest calls upon Beogh to heal the orc.
The orc's wounds heal themselves!
You hit the orc.
The orc is moderately wounded.
The orc hits you with a +0 club.
The orc priest calls upon Beogh to heal the orc.
The orc's wounds heal themselves!
The orc hits you but does no damage.
You barely miss the orc. The orc hits you with a +0 club.
You hit the orc.
The orc is lightly wounded.
The orc hits you with a +0 club.
You hit the orc.
You kill the orc!
You barely miss the orc priest.
The orc priest hits you with a +0 short sword.
* * * LOW HITPOINT WARNING * * *
You hit the orc priest but do no damage.
The orc priest invokes the aid of Beogh against you.
Pain shoots through your body!
You die...

# #####.#
#...#.#
###$>...####
#..........#
.....##o##.##.#


.roo #@# # ... #....# .. #.##.# . #.# # ... ..# #.# #.# You could see an orc
priest.

Vanquished Creatures
  Jessica (D:2)
  3 adders (D:4)
  A white imp (D:4)
  2 dart slugs
  3 orcs (D:3)
  3 endoplasms
  A giant cockroach (D:1)
  4 goblins
  2 hobgoblins (D:2)
  2 jackals (D:1)
  2 quokkas
  4 ball pythons
  4 bats
  3 kobolds
  2 rats
37 creatures vanquished.

Notes
Turn   | Place    | Note
-------+----------+-------------------------------------------
     0 | D:1      | Reached skill level 10 in Evocations
     0 | D:1      | ragingrage the Gnoll Wanderer began the quest for the Orb.
     0 | D:1      | ragingrage set off with the following items: a +2 hand axe,
                  | a +0 quarterstaff, a wand of polymorph (3), a scroll of
                  | silence, a +0 leather armour.
     0 | D:1      | Reached XP level 1. HP: 13/13 MP: 1/1
   201 | D:1      | Reached XP level 2. HP: 7/19 MP: 2/2
   546 | D:1      | Learned a level 1 spell: Beastly Appendage
  1400 | D:2      | Upgraded the game from 0.30-a0-137-gd8773701ce to
                  | 0.30-a0-141-g30f27751c5
  1435 | D:2      | Reached XP level 3. HP: 25/25 MP: 3/3
  1517 | D:2      | Noticed Jessica
  1529 | D:2      | Killed Jessica
  1530 | D:2      | Reached skill level 1 in Fighting
  1530 | D:2      | Reached skill level 1 in Short Blades
  1530 | D:2      | Reached skill level 1 in Long Blades
  1530 | D:2      | Reached skill level 1 in Maces & Flails
  1530 | D:2      | Reached skill level 1 in Polearms
  1530 | D:2      | Reached skill level 1 in Ranged Weapons
  1530 | D:2      | Reached skill level 1 in Throwing
  1530 | D:2      | Reached skill level 1 in Armour
  1530 | D:2      | Reached skill level 1 in Stealth
  1530 | D:2      | Reached skill level 1 in Shields
  1530 | D:2      | Reached skill level 1 in Unarmed Combat
  1530 | D:2      | Reached skill level 1 in Spellcasting
  1530 | D:2      | Reached skill level 1 in Invocations
  1530 | D:2      | Reached XP level 4. HP: 6/32 MP: 5/5
  1857 | D:2      | You fall into a shaft and drop 2 floors!
  1857 | D:4      | Found a shadowy altar of Dithmenos.
  1857 | D:4      | Found a shimmering blue altar of Sif Muna.
  1881 | D:4      | Reached skill level 1 in Conjurations
  1881 | D:4      | Reached skill level 1 in Hexes
  1881 | D:4      | Reached skill level 1 in Summonings
  1881 | D:4      | Reached skill level 1 in Necromancy
  1881 | D:4      | Reached skill level 1 in Translocations
  1881 | D:4      | Reached skill level 1 in Transmutations
  1881 | D:4      | Reached skill level 1 in Fire Magic
  1881 | D:4      | Reached skill level 1 in Ice Magic
  1881 | D:4      | Reached skill level 1 in Air Magic
  1881 | D:4      | Reached skill level 1 in Earth Magic
  1881 | D:4      | Reached skill level 1 in Poison Magic
  2099 | D:4      | Noticed Edmund
  2168 | D:5      | Entered Level 5 of the Dungeon
  2295 | D:4      | Noticed Grinder
  2296 | D:4      | Paralysed by Grinder for 3 turns
  2333 | D:3      | Killed from afar by an orc priest

Illustrated notes

Levels and vault maps discovered:
D:1:      heliophobic_arrival_henge, layout_loops_ring
D:2:      layout_loops_ring, minmay_misc_feat_more_columns, uniq_jessica
D:3:      minmay_general_purpose_star, layout_loops_cross, lemuel_round_altar,
          shapermc_ecumenical_altar_starsandcircs, minmay_misc_feat_five
D:4:      layout_loops_ring, mainiacjoe_overflow_small_starburst,
          nicolae_hepliaklqana_hippocampus, amcnicky_altar_gilded,
          minmay_temple_entry_antechambers, minmay_shop_grid_forest,
          uniq_edmund, uniq_grinder
D:5:      minmay_skewed_foursquare, layout_basic, dancing_weapons_uskayaw,
          nicolae_ossuary_entry_catacombs, serial_shops, shop,
          uniq_prince_ribbit1

Skill      XL: |  1  2  3  4 |
---------------+-------------+-----
Evocations     | | 10.5
Fighting       | 1 |  1.3
Short Blades   | 1 |  1.3
Long Blades    | 1 |  1.3
Maces & Flails | 1 |  1.3
Polearms       | 1 |  1.3
Ranged Weapons | 1 |  1.3
Throwing       | 1 |  1.3
Armour         | 1 |  1.3
Stealth        | 1 |  1.3
Shields        | 1 |  1.3
Unarmed Combat | 1 |  1.3
Spellcasting   | 1 |  1.3
Invocations    | 1 |  1.4
Conjurations   | 1 |  1.0
Hexes          | 1 |  1.0
Summonings     | 1 |  1.0
Necromancy     | 1 |  1.0
Translocations | 1 |  1.0
Transmutations | 1 |  1.0
Fire Magic     | 1 |  1.0
Ice Magic      | 1 |  1.0
Air Magic      | 1 |  1.0
Earth Magic    | 1 |  1.0
Poison Magic   | 1 |  1.0
Axes           | |  4.7
Staves         | |  4.7
Dodging        | |  2.8

Action                   |  1- 3 |  4- 6 || total
-------------------------+-------+-------++-------
Melee: Hand axe          |    60 |    59 ||   119
       Bite              |     4 |     1 ||     5
       Kick              |     1 |       ||     1
 Cast: Beastly Appendage |     2 |       ||     2
  Use: Potion            |       |     1 ||     1
 Stab: Sleeping          |     2 |       ||     2
Armor: Leather armour    |     9 |    10 ||    19
Dodge: Dodged            |    43 |    28 ||    71
Block: Other             |     4 |    16 ||    20
       Reflection        |       |     1 ||     1

Table legend: (Time is in decaauts)
 A = Elapsed time spent in this place.
 B = Non-inter-level travel time spent in this place.
 C = Inter-level travel time spent in this place.
 D = Time resting spent in this place.
 E = Time spent auto-exploring this place.
 F = Levels seen in this place.
 G = Mean time per level.
                   A        B        C        D        E       F      G
               +--------+--------+--------+--------+--------+-----+--------+
         Total |   2340 |   2285 |     55 |    766 |   1186 |   5 |  468.0 |
       Dungeon |   2340 |   2285 |     55 |    766 |   1186 |   5 |  468.0 |
               +--------+--------+--------+--------+--------+-----+--------+

Top non-repeatable levels by time:
     D:1: 1199 daAuts
     D:2: 663 daAuts
     D:4: 415 daAuts
     D:3: 33 daAuts
     D:5: 29 daAuts
